 Dungeon Crawl Stone Soup version 0.29-a0-1030-gf5f8719cae (webtiles) character file.

Game seed: 5203450133628225756

26 Ajdolov the Sneak (level 2, -3/20 HPs)
             Began as a Vampire Transmuter on Aug 14, 2022.
             Slain by a kobold
             ... wielding a +0 short sword
              (5 damage)
             ... on level 3 of the Dungeon.
             The game lasted 00:04:04 (1822 turns).

Ajdolov the Sneak (Vampire Transmuter)              Turns: 1822, Time: 00:04:05

Health: -3/20      AC:  0    Str:  9    XL:     2   Next: 89%
Magic:  5/5        EV: 12    Int: 15    God:
Gold:   113        SH:  5    Dex: 14    Spells: 4/5 levels left

rFire   . . .      SeeInvis +     - Unarmed
rCold   . . .      Faith    .   (no shield)
rNeg    . . .      Spirit   .   (no body armour)
rPois   .          Reflect  +   (helmet currently unavailable)
rElec   .          Harm     .   (no cloak)
rCorr   .          Rampage  .   (no gloves)
Will    .....                   (boots currently unavailable)
Stlth   +++.......              g - amulet of reflection
HPRegen 0.26/turn               (no ring)
MPRegen 0.09/turn               (no ring)

@: appendages (expiring), healing quickly
A: horns 2, talons 2, alive, fangs 3, see invisible, vampiric 1
a: Exsanguinate, End Transformation


You were on level 3 of the Dungeon.
You had temporarily grown beastly horns and talons.
You visited 1 branch of the dungeon, and saw 3 of its levels.

You collected 113 gold pieces.

Inventory:

Armour
 f - a +1 helmet (melded)
Jewellery
 g - an amulet of reflection (around neck)
 j - a +6 ring of intelligence
Scrolls
 a - 3 scrolls of enchant weapon {unknown}
 e - 3 scrolls of butterflies {unknown}
Potions
 b - a potion of curing {unknown}
 c - a potion of resistance {unknown}
 d - a potion of flight {unknown}
 h - a potion of mutation {unknown}
 i - a potion of heal wounds {unknown}


   Skills:
 - Level 0.8 Fighting
 - Level 2.1 Dodging
 + Level 4.2 Stealth
 - Level 3.2 Unarmed Combat
 - Level 2.0 Spellcasting
 * Level 2.3 Transmutations


You had 4 spell levels left.
You knew the following spells:

 Your Spells              Type           Power      Damage    Failure   Level
a - Beastly Appendage     Tmut           16%        N/A       9%          1

Your spell library contained the following spells:

 Spells                   Type           Power      Damage    Failure   Level
 Wereblood                Tmut           8%         N/A       13%         2
 Passwall                 Tmut/Erth      3%         N/A       22%         2
 Ensorcelled Hibernation  Hex/Ice        2%         N/A       32%         2
 Spider Form              Tmut/Pois      4%         N/A       38%         3
 Swiftness                Air            1%         N/A       54%         3
 Ice Form                 Ice/Tmut       4%         N/A       80%         4


Dungeon Overview and Level Annotations

Branches:
Dungeon (3/15)

Altars:
Vehumet

Annotations:
D:3 exclusion: gnoll, Grinder, Natasha


Innate Abilities, Weirdness & Mutations

You have temporarily grown beastly horns and talons.
Your natural rate of healing is accelerated.
You have razor-sharp teeth.
You have supernaturally acute eyesight. (SInv)
You are afflicted with vampirism.


Message History

Your +1 helmet melds into your body.
Found a red potion.
A kobold comes into view. It is wielding a +0 short sword.
Your transformation is almost over.
The kobold shouts!
Natasha hisses angrily.
Natasha claws you.
You closely miss Natasha. Your kick misses Natasha.
Natasha casts a spell.
You barely miss Natasha. Your kick misses Natasha.
Your headbutt misses Natasha. The crimson imp hits you.
Natasha howls an incantation.
Natasha glows brightly for a moment.
Natasha closely misses you.
You barely miss Natasha. You headbutt Natasha.
Natasha is moderately wounded.
You hit Natasha. You bite Natasha, but do no damage.
Natasha is heavily wounded.
The crimson imp blinks!
Natasha closely misses you.
You barely miss Natasha. You claw Natasha, but do no damage.
Your bite misses Natasha.
Natasha is heavily wounded.
Natasha casts a spell at you. The magic dart hits you!
Unknown command.
You closely miss Natasha.
Natasha is heavily wounded.
The kobold hits you with a +0 short sword.
* * * LOW HITPOINT WARNING * * *
Natasha mumbles some strange words.
You hit Natasha. Your kick misses Natasha. You headbutt Natasha.
You punch Natasha, but do no damage.
Natasha is severely wounded.
The kobold hits you with a +0 short sword.
* * * LOW HITPOINT WARNING * * *
Natasha barely misses you.
You hit Natasha but do no damage. You claw Natasha.
Natasha is almost dead.
The crimson imp spits at you.
The kobold hits you with a +0 short sword.
You die...

.........#...#..###
........###.###....
.........#...#..###
......#...._......#
.........#...#...
........###.###.
.........#...#...
..........5....!#
....#....@#..#....
...#...Kh5.#......
..........#..##.#
..........#.... #
..........##.###
..........#
........###
........#


You could see Natasha, 2 crimson imps and a kobold.

Vanquished Creatures
  2 ball pythons (D:2)
  A bat (D:1)
  3 endoplasms
  2 giant cockroaches
  3 goblins
  2 hobgoblins
  3 jackals (D:1)
  3 kobolds
  A frilled lizard (D:1)
  A rat (D:1)
21 creatures vanquished.

Notes
Turn   | Place    | Note
-------+----------+-------------------------------------------
     0 | D:1      | Ajdolov the Vampire Transmuter began the quest for the Orb.
     0 | D:1      | Reached XP level 1. HP: 14/14 MP: 3/3
   125 | D:1      | Reached skill level 1 in Stealth
   239 | D:1      | Reached skill level 2 in Stealth
   402 | D:1      | Reached XP level 2. HP: 20/20 MP: 3/5
   419 | D:1      | Reached skill level 3 in Stealth
  1457 | D:2      | Reached skill level 4 in Stealth
  1724 | D:3      | Found a radiant altar of Vehumet.
  1761 | D:3      | Noticed Grinder
  1808 | D:3      | Noticed Natasha
  1816 | D:3      | Noticed a crimson imp
  1821 | D:3      | Noticed a crimson imp
  1822 | D:3      | Slain by a kobold

Illustrated notes

Levels and vault maps discovered:
D:1:      kennysheep_arrival_seaside, layout_basic, minmay_cut_off
D:2:      layout_basic, grunt_decor_cap
D:3:      minmay_goblin_kobold_castle, layout_basic, vehumet_crystals,
          lemuel_coloured_pillars_altar, uniq_grinder, uniq_natasha

Skill      XL: |  1  2 |
---------------+-------+-----
Stealth        | 2 4 |  4.2
Fighting       | |  0.8
Dodging        | |  2.1
Unarmed Combat | |  3.2
Spellcasting   | |  2.0
Transmutations | |  2.3

Action                   || total
-------------------------++-------
Melee: Unarmed           ||    61
       Kick              ||    19
       Bite              ||     6
       Headbutt          ||     6
       Punch             ||     1
 Cast: Beastly Appendage ||    16
 Stab: Sleeping          ||     4
Dodge: Dodged            ||    33
Block: Other             ||     4

Table legend: (Time is in decaauts)
 A = Elapsed time spent in this place.
 B = Non-inter-level travel time spent in this place.
 C = Inter-level travel time spent in this place.
 D = Time resting spent in this place.
 E = Time spent auto-exploring this place.
 F = Levels seen in this place.
 G = Mean time per level.
                   A        B        C        D        E       F      G
               +--------+--------+--------+--------+--------+-----+--------+
         Total |   1820 |   1756 |     64 |    125 |   1370 |   3 |  606.7 |
       Dungeon |   1820 |   1756 |     64 |    125 |   1370 |   3 |  606.7 |
               +--------+--------+--------+--------+--------+-----+--------+

Top non-repeatable levels by time:
     D:2: 922 daAuts
     D:1: 789 daAuts
     D:3: 108 daAuts
